 Dungeon Crawl Stone Soup version 0.21-a0-538-gd16b88a (webtiles) character file.

113550 damezumari the Severer (level 16, -2/162 HPs)
             Began as a Minotaur Fighter on Dec 14, 2017.
             Was a High Priest of Okawaru.
             Succumbed to barbed spike wounds
             ... on level 2 of the Shoals on Dec 15, 2017.
             The game lasted 01:37:13 (32887 turns).

damezumari the Severer (Minotaur Fighter)          Turns: 32887, Time: 01:37:14

Health: -2/162     AC: 20    Str: 27    XL:     16   Next: 14%
Magic:  22/22      EV: 10    Int:  5    God:    Okawaru [*****.]
Gold:   2723       SH:  5    Dex: 11    Spells: 15/15 levels left

rFire    + + .     SeeInvis +   m - +2 battleaxe (flame)
rCold    + . .     Gourm    .   (shield currently unavailable)
rNeg     . . .     Faith    .   u - +0 plate armour {rF+}
rPois    +         Spirit   .   X - +0 hat "Ecwunof" {rElec rPois MR++ Regen+ Dex-2}
rElec    +         Reflect  +   n - +0 cloak
rCorr    .         Harm     .   G - +2 pair of gloves
MR       +++..                  T - +0 pair of boots of Greater Demons {Str+2}
Stlth    ..........             i - +5 amulet of reflection
HPRegen  0.77/turn              s - ring of see invisible
MPRegen  0.18/turn              L - ring "Qayqide" {+Fly rElec rF+ rC+}

@: finesse, barbed spikes
A: retaliatory headbutt, horns 2
a: Heroism, Finesse, Renounce Religion, Evoke Flight


You were on level 2 of the Shoals.
You worshipped Okawaru.
Okawaru was extremely pleased with you.
You were hungry.

You visited 4 branches of the dungeon, and saw 25 of its levels.
You also visited: Ossuary, Bailey and Ice Cave.

You collected 2868 gold pieces.
You spent 145 gold pieces at shops.

Inventory:

Hand Weapons
 m - a +2 battleaxe of flaming (weapon)
Missiles
 H - 5 steel tomahawks (quivered)
Armour
 n - a +0 cloak (worn)
 u - a +0 plate armour of fire resistance (worn)
 G - a +2 pair of gloves (worn)
 T - the +0 pair of boots of Greater Demons (worn) {Str+2}
   (You found it in a bailey)

   It affects your strength (+2).
 X - the +0 hat "Ecwunof" (worn) {rElec rPois MR++ Regen+ Dex-2}
   (Okawaru gifted it to you on level 11 of the Dungeon)

   It affects your dexterity (-2).
   It insulates you from electricity.
   It protects you from poison.
   It affects your resistance to hostile enchantments.
   It increases your rate of regeneration.
Jewellery
 h - an uncursed ring of protection from cold
 i - a +5 amulet of reflection (around neck)
 s - a ring of see invisible (left hand)
 E - an uncursed ring of poison resistance
 L - the ring "Qayqide" (right hand) {+Fly rElec rF+ rC+}
   (You found it on level 8 of the Dungeon)

   [ring of flight]

   It protects you from fire.
   It protects you from cold.
   It insulates you from electricity.
   It lets you fly.
 P - an uncursed ring of protection from fire
 S - the ring "Denesa" {rElec Str+6 Dex-5 SInv}
   (You bought it in a shop on level 2 of the Orcish Mines)

   [ring of see invisible]

   It affects your strength (+6).
   It affects your dexterity (-5).
   It insulates you from electricity.
   It lets you see invisible.
 W - an uncursed ring of positive energy
Wands
 y - a wand of digging (14)
 C - a wand of iceblast (19)
 I - a wand of scattershot (6)
 K - a wand of acid (14)
 R - a wand of disintegration (12)
 V - a wand of paralysis (8)
 Y - a wand of polymorph (13)
Scrolls
 b - a scroll of amnesia
 e - 28 scrolls of teleportation
 f - a scroll of enchant weapon
 k - a scroll of fog
 o - 5 scrolls of fear
 r - 2 scrolls of blinking
 x - 10 scrolls of remove curse
 A - 2 scrolls of magic mapping
 F - 3 scrolls of identify
 U - a scroll of immolation
Potions
 d - 3 potions of might
 g - a potion of brilliance
 l - 7 potions of curing
 v - 3 potions of agility
 B - 4 potions of flight
Books
 c - a book of Power

   Spells                             Type                      Level
   a - Iskenderun's Battlesphere      Conjuration/Charms           5
   b - Venom Bolt                     Conjuration/Poison           5
   c - Bolt of Magma                  Conjuration/Fire/Earth       5
   d - Iron Shot                      Conjuration/Earth            6
   e - Orb of Destruction             Conjuration                  7
   f - Spellforged Servitor           Conjuration/Summoning        7
Miscellaneous
 p - a lightning rod (4/4)
 N - a lightning rod (4/4)
 Z - a phantom mirror
Comestibles
 z - 7 meat rations
 Q - 21 royal jellies


   Skills:
 - Level 20.0 Fighting
 - Level 20.0 Axes
 - Level 10.0 Armour
 - Level 6.0 Dodging
   Level 3.6 Shields
 - Level 10.0 Invocations
 + Level 5.3 Evocations


You had 15 spell levels left.
You didn't know any spells.

Dungeon Overview and Level Annotations

Branches:
Dungeon (15/15)            Temple (0/1) D:7            Lair (6/6) D:10
 Shoals (2/4) Lair:2        Snake (0/4) Lair:2        Slime (0/5) Lair:5
    Orc (2/2) D:12            Elf (0/3) Orc:2        Vaults (0/5) D:14
 Depths (0/5) D:15

Altars:
Makhleb
Nemelex Xobeh
Okawaru
Ru
Sif Muna
Uskayaw
Vehumet
Wu Jian
Zin
Beogh
Jiyva

Shops:
D:14 }   Orc:1 }   Orc:2 }%*:[

Portals:
Trove: D:13 (give 7 scrolls of blinking)

Annotations:
D:15 exclusion: obsidian statue
Lair:5 exclusion: 3 oklob plants


Innate Abilities, Weirdness & Mutations

You reflexively headbutt those who attack you in melee.
You have a pair of horns on your head.


Message History

The faun shoots a sling bullet.
The sling bullet hits you.
* * * LOW HITPOINT WARNING * * *
Things that are here:
5 sling bullets; 3 stones You take 14 damage, and have 14/162 hp.
Blink to where?
Okay, then.
As you read the scroll of fog, it crumbles to dust.
The scroll dissolves into smoke.
The faun points at you and mumbles some strange words.
You resist with almost no effort.
The faun shoots a sling bullet.
The sling bullet hits you!
* * * LOW HITPOINT WARNING * * *
The faun shoots a sling bullet.
The sling bullet hits you but does no damage.
The satyr plays a rousing melody on his pipes!
The fauns go into a battle-frenzy!
You take 11 damage, and have 3/162 hp.
The barbed spikes dig painfully into your body as you move.
You die...

...?...≈≈≈ #....≈≈≈≈≈#
#....≈≈...### ...≈≈≈(≈≈...
...≈≈≈P(≈PP .. ####..≈≈≈≈#
... ##.##...≈≈≈##
P...###§§§§.(.....P.≈≈≈≈≈≈≈
≈≈≈≈≈.......Pc.P≈≈≈≈≈≈≈
≈≈≈≈≈≈........PP≈P≈≈≈≈≈
≈≈≈≈≈≈........PP≈≈≈≈≈≈≈
........###..cP.≈≈≈≈≈≈
≈.....### #.cc.≈≈≈≈≈≈


There were no monsters in sight!

Vanquished Creatures
  Kirke (Lair:4)
  2 orc warlords (Orc:2)
  A merfolk javelineer (Shoals:1)
  An ettin (Orc:2)
  2 merfolk impalers (Shoals:1)
  A fire dragon (Lair:6)
  2 yaktaur captains (D:15)
  Fannar (Orc:1)
  5 vault guards
  9 hydras
  A catoblepas (Lair:5)
  A merfolk avatar (Shoals:1)
  4 centaur warriors
  Erica (Lair:1)
  A two-headed ogre (D:8)
  A tengu warrior (D:14)
  5 orc high priests
  The ghost of anet the Thaumaturge, a journeyman DEWz of Ashenzari (IceCv)
  The ghost of Regeox the Carver, a novice DsCK of Xom (D:6)
  A sea snake (Shoals:1)
  3 unseen horrors
  4 wizards
  A lindwurm (Lair:6)
  3 harpies
  8 orc knights
  14 ugly things
  4 orc sorcerers (Orc:2)
  5 deep elf magi
  12 fauns
  7 manticores
  2 water nymphs (Shoals:1)
  A merfolk siren (Shoals:2)
  Joseph (D:7)
  5 black mambas
  3 molten gargoyles (Lair:6)
  2 ice statues (IceCv)
  12 spiny frogs
  2 gargoyles
  A kobold demonologist (D:14)
  A rime drake (Lair:1)
  2 efreet (D:14)
  3 yaktaurs (D:15)
  9 komodo dragons
  A queen bee (Lair:2)
  3 tengu conjurers
  3 hornets
  12 merfolk
  7 trolls
  6 slime creatures
  2 wind drakes (Shoals:2)
  12 blink frogs
  A blink frog (shapeshifter) (D:15)
  Prince Ribbit (D:7)
  5 dream sheep (Lair:6)
  11 hippogriffs
  2 snapping turtles
  A water elemental (Lair:2)
  9 wyverns
  A fire elemental (D:12)
  3 humans (D:14)
  7 basilisks
  2 steam dragons
  39 yaks
  9 vampire mosquitoes
  5 wargs
  A hog (Lair:4)
  3 hungry ghosts (D:8)
  8 water moccasins
  3 nagas (Lair:2)
  2 acid dragons (D:14)
  7 porcupines
  5 hell hounds (Lair:6)
  5 sky beasts
  5 phantoms
  12 ice beasts
  34 orc warriors
  A black bear (Lair:5)
  A hornet zombie (D:7)
  3 necrophages
  8 ogres
  6 wolves (Lair:3)
  14 centaurs
  9 crocodiles
  5 big kobolds
  12 bullfrogs
  9 gnoll sergeants
  A wyvern skeleton (D:13)
  13 scorpions
  14 wights
  41 killer bees
  4 howler monkeys
  11 jellies
  5 lava snakes (Lair:6)
  9 crimson imps
  2 human zombies (Ossuary)
  8 hounds
  A quasit (D:9)
  A bullfrog zombie (D:6)
  5 centaur zombies
  4 bullfrog skeletons
  6 gnoll shamans (Bailey)
  18 orc priests
  6 centaur skeletons
  31 orc wizards
  3 iguanas
  7 hell rats (Lair:5)
  15 worker ants
  3 big kobold zombies (Ossuary)
  2 hound zombies (D:8)
  3 mummies (Ossuary)
  A hound skeleton (D:5)
  A howler monkey zombie (D:8)
  3 worker ant zombies
  8 adders
  23 gnolls
  5 river rats (Lair:5)
  6 scorpion zombies (Ossuary)
  A shadow imp (D:8)
  12 white imps (Lair:5)
  7 oozes
  3 adder skeletons
  4 worms
  3 dart slugs
  6 leopard geckos
  88 orcs
  4 ball pythons
  5 giant cockroaches
  17 hobgoblins
  12 jackals
  3 quokkas
  5 bats
  4 frilled lizards
  14 goblins
  26 kobolds
  2 kobold zombies (Ossuary)
  A leopard gecko zombie (D:8)
  4 orc zombies (Ossuary)
  14 rats
  6 fungi
  4 plants
947 creatures vanquished.

Vanquished Creatures (others)
  A merfolk siren (Shoals:2)
  A centaur (D:5)
  2 scorpions (Ossuary)
  An orc (D:8)
  A kobold (D:7)
  9 fungi
  8 plants
23 creatures vanquished.

Grand Total: 970 creatures vanquished

Notes
Turn   | Place    | Note
-------+----------+-------------------------------------------
     0 | D:1      | damezumari the Minotaur Fighter began the quest for the Orb.
     0 | D:1      | Reached XP level 1. HP: 19/19 MP: 0/0
   300 | D:1      | Reached XP level 2. HP: 26/26 MP: 1/1
  1025 | D:1      | Reached XP level 3. HP: 28/31 MP: 2/2
  1630 | D:2      | Reached skill level 5 in Axes
  2182 | D:3      | Reached XP level 4. HP: 35/39 MP: 3/3
  3550 | D:4      | Found a sand-covered staircase.
  3556 | Ossuary  | Entered an ossuary
  3567 | Ossuary  | Reached XP level 5. HP: 44/45 MP: 4/4
  4081 | Ossuary  | Reached XP level 6. HP: 24/51 MP: 5/5
  4558 | Ossuary  | Reached XP level 7. HP: 54/57 MP: 6/6
  4587 | Ossuary  | Reached skill level 10 in Axes
  4653 | Ossuary  | Reached skill level 1 in Dodging
  5426 | D:4      | Found an iron altar of Okawaru.
  5455 | D:4      | Got a twisted mace
  5460 | D:4      | Identified the +9 mace "Kirekor" {crush, MR+} (You found it on level 4 of the Dungeon)
  5680 | D:4      | Reached XP level 8. HP: 63/67 MP: 7/7
  5748 | D:4      | Found a burning altar of Makhleb.
  5884 | D:4      | Became a worshipper of Warmaster Okawaru
  5888 | D:4      | Reached skill level 5 in Fighting
  5891 | D:4      | Reached skill level 5 in Armour
  6096 | D:5      | Entered Level 5 of the Dungeon
  6100 | D:5      | Found a deep blue altar of Sif Muna.
  6600 | D:5      | Found an ornate altar of the Wu Jian Council.
  6614 | D:5      | Found a deep blue altar of Sif Muna.
  6617 | D:5      | Found a sacrificial altar of Ru.
  6620 | D:5      | Found a radiant altar of Vehumet.
  7101 | D:6      | Reached * piety under Okawaru
  7408 | D:6      | Reached skill level 5 in Dodging
  7752 | D:6      | Noticed Regeox's ghost (novice DsCK)
  7755 | D:6      | Reached XP level 9. HP: 78/78 MP: 8/8
  7762 | D:6      | Killed Regeox's ghost
  7762 | D:6      | Reached ** piety under Okawaru
  7911 | D:6      | Found a sparkling altar of Nemelex Xobeh.
  7932 | D:6      | Found a sparkling altar of Nemelex Xobeh.
  8185 | D:7      | Noticed Joseph
  8205 | D:7      | Killed Joseph
  8205 | D:7      | Reached skill level 1 in Invocations
  8403 | D:7      | Reached *** piety under Okawaru
  8403 | D:7      | Reached XP level 10. HP: 51/91 MP: 11/11
  8689 | D:7      | Noticed Prince Ribbit
  8733 | D:7      | Killed Prince Ribbit
  8910 | D:7      | Found a staircase to the Ecumenical Temple.
  8928 | D:7      | Found a glowing silver altar of Zin.
  9211 | D:8      | Reached skill level 10 in Fighting
  9268 | D:8      | Got a crude glass ring
  9309 | D:8      | Identified the ring "Qayqide" {+Fly rElec rF+ rC+} (You found it on level 8 of the Dungeon)
 10275 | D:8      | Reached **** piety under Okawaru
 10451 | D:8      | Reached skill level 5 in Invocations
 10509 | D:8      | Noticed a two-headed ogre
 10521 | D:8      | Reached skill level 10 in Armour
 10524 | D:8      | Killed a two-headed ogre
 10526 | D:8      | Noticed a five-headed hydra
 10537 | D:8      | Killed a five-headed hydra
 10537 | D:8      | Reached ***** piety under Okawaru
 10537 | D:8      | Reached XP level 11. HP: 90/104 MP: 12/14
 11040 | D:8      | Found a hide-covered altar of Uskayaw.
 11312 | D:9      | Found a sparkling altar of Nemelex Xobeh.
 11429 | D:9      | Received a gift from Okawaru
 12029 | D:10     | Entered Level 10 of the Dungeon
 12137 | D:10     | Found a staircase to the Lair.
 12143 | D:10     | Found a flagged portal.
 12174 | Bailey   | Entered a bailey
 13220 | Bailey   | Got a pair of smoking boots
 13231 | Bailey   | Identified the +0 pair of boots of Greater Demons {Str+2} (You found it in a bailey)
 13454 | D:10     | Received a gift from Okawaru
 14129 | D:11     | Noticed an eight-headed hydra
 14140 | D:11     | Killed an eight-headed hydra
 14554 | D:11     | Killed an unseen horror
 14588 | D:11     | Killed an unseen horror
 15188 | D:11     | Noticed a wizard
 15193 | D:11     | Killed a wizard
 15193 | D:11     | Received a gift from Okawaru
 15196 | D:11     | Got a heavily runed hat {god gift}
 15202 | D:11     | Identified the +0 hat "Ecwunof" {rElec rPois MR++ Regen+ Dex-2} (Okawaru gifted it to you on level 11 of the Dungeon)
 15285 | D:11     | Reached XP level 12. HP: 112/116 MP: 17/17
 16265 | Lair:1   | Entered Level 1 of the Lair of Beasts
 16310 | Lair:1   | Noticed Erica
 16320 | Lair:1   | Killed Erica
 16744 | Lair:1   | Reached skill level 10 in Invocations
 17359 | Lair:2   | Found a staircase to the Shoals.
 17452 | Lair:2   | Found a staircase to the Snake Pit.
 17879 | Lair:2   | Noticed a seven-headed hydra
 17887 | Lair:2   | Killed a seven-headed hydra
 18030 | Lair:2   | Received a gift from Okawaru
 18189 | Lair:3   | Reached ****** piety under Okawaru
 18191 | Lair:3   | Reached skill level 15 in Axes
 18388 | Lair:3   | Reached XP level 13. HP: 120/123 MP: 19/19
 19247 | Lair:4   | Received a gift from Okawaru
 19393 | Lair:4   | Noticed Kirke
 19405 | Lair:4   | Killed Kirke
 19910 | Lair:5   | Found a frozen archway.
 19934 | IceCv    | Entered an ice cave
 19934 | IceCv    | Noticed anet's ghost (journeyman DEWz)
 19945 | IceCv    | Killed anet's ghost
 19948 | IceCv    | Found a transporter.
 21057 | Lair:5   | Received a gift from Okawaru
 21484 | Lair:5   | Found a staircase to the Slime Pits.
 21485 | Lair:5   | Found a viscous altar of Jiyva.
 21681 | Lair:6   | Entered Level 6 of the Lair of Beasts
 22256 | Lair:6   | Reached XP level 14. HP: 109/130 MP: 20/20
 22279 | Lair:6   | Found a large runed door.
 22304 | Lair:6   | Received a gift from Okawaru
 22690 | Lair:6   | Found a large runed door.
 23607 | D:12     | Found a staircase to the Orcish Mines.
 23753 | D:12     | Got a jewelled leather armour
 23764 | D:12     | Identified the +2 leather armour "Nivurgh" {MR+} (You found it on level 12 of the Dungeon)
 24007 | D:12     | Received a gift from Okawaru
 24087 | D:12     | Identified Guosumut's Incunabulum of Earthen Venom
 24089 | D:12     | Identified the Volume of Warped Augmentations
 25025 | D:13     | Found a portal to a secret trove of treasure.
 25356 | Orc:1    | Entered Level 1 of the Orcish Mines
 25375 | Orc:1    | Noticed Fannar
 25384 | Orc:1    | Killed Fannar
 25384 | Orc:1    | Reached skill level 15 in Fighting
 25393 | Orc:1    | Received a gift from Okawaru
 25396 | Orc:1    | Found a roughly hewn altar of Beogh.
 25727 | Orc:1    | Found Nefumaes's Gadget Emporium.
 25889 | Orc:2    | Entered Level 2 of the Orcish Mines
 25922 | Orc:2    | Noticed an orc warlord
 25937 | Orc:2    | Killed an orc warlord
 25941 | Orc:2    | Received a gift from Okawaru
 26012 | Orc:2    | Noticed an orc warlord
 26029 | Orc:2    | Killed an orc warlord
 26112 | Orc:2    | Found Gohueffa's Armour Emporium.
 26350 | Orc:2    | Found a staircase to the Elven Halls.
 26671 | Orc:2    | Reached XP level 15. HP: 121/145 MP: 13/21
 26677 | Orc:2    | Received a gift from Okawaru
 27308 | Orc:2    | Found Ojoezocu's Food Shop.
 27308 | Orc:2    | Found Hunir's Gadget Emporium.
 27319 | Orc:2    | Found Rurharoq's Book Shop.
 27319 | Orc:2    | Found Ruson's Assorted Antiques.
 27328 | Orc:2    | Bought a pitted tin ring for 145 gold pieces
 27330 | Orc:2    | Identified the ring "Denesa" {rElec Str+6 Dex-5 SInv} (You bought it in a shop on level 2 of the Orcish Mines)
 27963 | D:14     | Received a gift from Okawaru
 27982 | D:14     | Got a transparent scale mail {god gift}
 27993 | D:14     | Identified the +4 scale mail of the Robin {Int+5} (Okawaru gifted it to you on level 14 of the Dungeon)
 28351 | D:14     | Found a gate to the Vaults.
 28494 | D:14     | Found Emuudox's Gadget Shop.
 28728 | D:15     | Entered Level 15 of the Dungeon
 29347 | D:15     | Upgraded the game from 0.21-a0-536-gdbbf329 to 0.21-a0-538-gd16b88a
 29818 | D:15     | Found a staircase to the Depths.
 30724 | Shoals:1 | Entered Level 1 of the Shoals
 31343 | Shoals:1 | Reached skill level 1 in Evocations
 32088 | Shoals:1 | Reached XP level 16. HP: 78/162 MP: 15/22
 32870 | Shoals:2 | Reached skill level 5 in Evocations
 32870 | Shoals:2 | HP: 5/162 [faun/uncursed spear (13)]
 32877 | Shoals:2 | HP: 7/162 [barbs]
 32886 | Shoals:2 | HP: 3/162 [faun/sling bullet[a satyr] (12)]
 32887 | Shoals:2 | Succumbed to barbed spike wounds

Vault maps used:
D:1:      tarquinn_simple_flora_water_b, st_stairs_3, minmay_ruptured
D:3:      minmay_misc_feat_nine_boxes
D:4:      lemuel_doored_altar, okawaru_ov_weapons_minmay,
          lightli_ossuary_entry_decrepit_ruins
D:5:      wad_river_or_something, grunt_temple_overflow_cloverleaf, basic_altar,
          first_bread
D:6:      basic_altar, minmay_crystal_room, wad_floor_pattern_2,
          nemelex_diamond_rough_becter
D:7:      zin_scriptorium, temple_doors_cd, uniq_prince_ribbit1, uniq_joseph
D:8:      minmay_quarter_circles, kennysheep_little_box
D:9:      old_standard_altar
D:10:     lair_entry_dummy, enter_bailey_3
D:11:     cheibrodos_orc_bank, hangedman_little_slice_of_home, minmay_librarian
D:12:     cheibrodos_lost_city_excavation
D:13:     enter_trove_5, minmay_misc_feat_plants, hex_tiny
D:14:     grunt_vaults_entry_fortified, minmay_door_square, serial_shops, shop
D:15:     grunt_enter_depths_snipers, minivault_16
Lair:1:   uniq_erica
Lair:2:   minmay_shoals_entry_hut, minmay_snake_entry_guardpost_small,
          serial_bayou_pond_e, st_stairs_7, grunt_megastairs_1
Lair:4:   uniq_kirke
Lair:5:   slime_altar_1, portal_ice_cave_entry_imps, kennysheep_abandoned_house,
          minmay_lair_oklob_chamber
Lair:6:   cheibrodos_lair_end_hotspot
Orc:1:    basic_altar, serial_shops, shop, uniq_fannar
Orc:2:    grunt_orc_tribal_feast, serial_shops, shop_statue
Ossuary:  ossuary_minmay_scorpions
Bailey:   bailey_polearm_gnolls_kennysheep, bailey
IceCv:    ice_cave_statue_garden_teleport

Skill      XL: |  1  2  3  4  5  6  7  8  9 10 11 12 13 14 15 16 |
---------------+-------------------------------------------------+-----
Axes           | 3 4 5 6 7 9 10 11 15 18 20 | 20.0
Dodging        | 2 5 6 |  6.0
Fighting       | 4 6 9 12 13 16 20 | 20.0
Armour         | 4 6 8 10 | 10.0
Invocations    | 3 5 8 10 | 10.0
Evocations     | 3 5 |  5.3
Shields        | |  3.6

Action                   |  1- 3 |  4- 6 |  7- 9 | 10-12 | 13-15 | 16-18 || total
-------------------------+-------+-------+-------+-------+-------+-------++-------
Melee: War axe           |   114 |   144 |    42 |   319 |       |       ||   619
       Headbutt          |     7 |    38 |    45 |   156 |   228 |    16 ||   490
       Mace              |       |       |   194 |   418 |       |       ||   612
       Battleaxe         |       |       |       |    13 |  1189 |    60 ||  1262
Throw: Tomahawk          |       |       |       |       |     1 |       ||     1
Invok: Heroism           |       |       |     2 |     9 |    18 |       ||    29
       Finesse           |       |       |       |     4 |    17 |     1 ||    22
 Abil: Evoke Flight      |       |       |       |       |     3 |     2 ||     5
Evoke: Wand              |       |       |       |     2 |       |       ||     2
       Lightning rod     |       |       |       |       |       |     1 ||     1
  Use: Scroll            |       |       |    10 |     9 |    13 |     1 ||    33
       Potion            |       |       |     1 |     1 |     8 |     4 ||    14
 Stab: Confused          |       |       |       |       |     1 |       ||     1
  Eat: Chunk             |     3 |     6 |     8 |    32 |    25 |       ||    74
       Meat ration       |       |     1 |       |       |       |       ||     1
       Royal jelly       |       |       |     1 |       |     1 |     1 ||     3
       Fruit             |       |       |       |     6 |    15 |       ||    21
       Bread ration      |       |       |       |       |     1 |       ||     1
Armor: Scale mail        |    45 |    38 |    16 |       |       |       ||    99
       Chain mail        |       |       |    39 |   316 |   198 |       ||   553
       Plate armour      |       |       |       |       |   249 |    39 ||   288
Dodge: Dodged            |    35 |    30 |    59 |   234 |   399 |    20 ||   777
Block: Shield            |    64 |   100 |   171 |   614 |       |       ||   949
       Reflection        |       |       |    11 |    10 |    20 |     3 ||    44
       Other             |       |       |       |     1 |   198 |     9 ||   208

Table legend:
 A = Spawn XP
 B = Non-spawn XP
 C = Spawn XP percentage of total XP
 D = Spawn monster count
 E = Non-spawn monster count
 F = Spawn count percentage of total count
 G = Total turns spent on level
                    A         B        C        D         E        F      G
               +---------+---------+-------+---------+---------+-------+---------
         Total |       0 |  162215 |   0.0 |       0 |     940 |   0.0 | 32887
               +---------+---------+-------+---------+---------+-------+---------
           D:1 |       0 |      58 |   0.0 |       0 |      30 |   0.0 |  1524
           D:2 |       0 |      34 |   0.0 |       0 |      12 |   0.0 |   619
           D:3 |       0 |      77 |   0.0 |       0 |      30 |   0.0 |  1407
           D:4 |       0 |     368 |   0.0 |       0 |      11 |   0.0 |   706
           D:5 |       0 |     740 |   0.0 |       0 |      19 |   0.0 |   856
           D:6 |       0 |    1369 |   0.0 |       0 |      21 |   0.0 |  1229
           D:7 |       0 |    2329 |   0.0 |       0 |      36 |   0.0 |   988
           D:8 |       0 |    6398 |   0.0 |       0 |      66 |   0.0 |  2097
           D:9 |       0 |    1252 |   0.0 |       0 |      21 |   0.0 |   763
          D:10 |       0 |    2288 |   0.0 |       0 |      39 |   0.0 |   971
          D:11 |       0 |    8823 |   0.0 |       0 |      59 |   0.0 |  2354
          D:12 |       0 |    6978 |   0.0 |       0 |      26 |   0.0 |  1104
          D:13 |       0 |    5862 |   0.0 |       0 |      35 |   0.0 |   957
          D:14 |       0 |   17200 |   0.0 |       0 |      56 |   0.0 |  1238
          D:15 |       0 |   14296 |   0.0 |       0 |      40 |   0.0 |  1778
        Lair:1 |       0 |    4820 |   0.0 |       0 |      16 |   0.0 |   943
        Lair:2 |       0 |    9397 |   0.0 |       0 |      57 |   0.0 |  2119
        Lair:3 |       0 |    6822 |   0.0 |       0 |      36 |   0.0 |  1059
        Lair:4 |       0 |    4157 |   0.0 |       0 |       9 |   0.0 |   665
        Lair:5 |       0 |    5648 |   0.0 |       0 |      43 |   0.0 |  1241
        Lair:6 |       0 |   15069 |   0.0 |       0 |      50 |   0.0 |  1382
      Shoals:1 |       0 |   12030 |   0.0 |       0 |      23 |   0.0 |  1108
      Shoals:2 |       0 |    8017 |   0.0 |       0 |      18 |   0.0 |    85
         Orc:1 |       0 |    4253 |   0.0 |       0 |      24 |   0.0 |  1034
         Orc:2 |       0 |   18028 |   0.0 |       0 |      89 |   0.0 |  1089
       Ossuary |       0 |    1090 |   0.0 |       0 |      33 |   0.0 |  1840
        Bailey |       0 |    1205 |   0.0 |       0 |      30 |   0.0 |  1147
         IceCv |       0 |    3607 |   0.0 |       0 |      11 |   0.0 |   584
               +---------+---------+-------+---------+---------+-------+---------
